 Dungeon Crawl Stone Soup version 0.31.0-11-ge490571c62 (webtiles) character file.

Game seed: 10189550488611190895

2 SmokeWeed the Sneak (level 1, 0/11 HPs)
             Began as an Octopode Enchanter on Feb 3, 2024.
             Slain by a ball python (2 damage)
             ... on level 1 of the Dungeon.
             The game lasted 00:00:19 (84 turns).

SmokeWeed the Sneak (Octopode Enchanter)              Turns: 84, Time: 00:00:20

Health: 0/11       AC:  1    Str:  7    XL:     1   Next: 40%
Magic:  3/3        EV: 13    Int: 17    God:
Gold:   0          SH:  0    Dex: 12    Spells: 4/4 levels left

rFire   . . .        a - +1 dagger
rCold   . . .        (no shield)
rNeg    . . .        (helmet restricted)
rPois   .            (no amulet)
rElec   .            (no ring)
rCorr   .            (no ring)
SInv    .            (no ring)
Will    .....        (no ring)
Stlth   ++++         (no ring)
HPRegen 0.21/turn    (no ring)
MPRegen 0.08/turn    (no ring)
                     (no ring)

%: no passive effects
@: no status effects
A: almost no armour, amphibious, 8 rings, camouflage 1, gelatinous body 1,
(nimble swimmer 1), tentacles
a: no special abilities


You were on level 1 of the Dungeon.
You visited 1 branch of the dungeon, and saw 1 of its levels.

Inventory:

Hand Weapons
 a - a +1 dagger (weapon)
Potions
 b - 2 potions of invisibility


   Skills:
 - Level 1.0 Short Blades
 - Level 2.0 Dodging
 + Level 4.3 Stealth
 - Level 2.0 Spellcasting
 - Level 3.0 Hexes


You had 4 spell levels left.
You didn't know any spells.
Your spell library contained the following spells:

 Spells                   Type           Power      Damage    Failure   Level
 Ensorcelled Hibernation  Hex/Ice        12%        N/A       16%         2
 Confusing Touch          Hex            11%        N/A       17%         3
 Tukima's Dance           Hex            11%        N/A       17%         3
 Dazzling Flash           Conj/Hex       12%        N/A       30%         3


Dungeon Overview and Level Annotations

Branches:
Dungeon (1/15)

Altars:


Innate Abilities, Weirdness & Mutations

You cannot wear most types of armour.
You are amphibious.
You can wear up to eight rings at the same time.
Your skin changes colour to match your surroundings (Stealth+).
Your rubbery body absorbs attacks. (AC +1, EV +1)
((You are camouflaged when in or above water. (Stealth+)))
You have tentacles for arms and can constrict up to eight enemies at once.


Message History

Your grab misses the kobold.
A ball python comes into view.
The kobold hits you but does no damage.
You hit the kobold. You grab the kobold.
The kobold is moderately wounded.
You constrict the kobold. The goblin hits you with a +0 club.
The kobold hits you but does no damage.
You hit the kobold.
You kill the kobold!
The goblin hits you with a +0 club.
You hit the kobold but do no damage. Your grab misses the kobold.
The kobold barely misses you. The goblin completely misses you.
You barely miss the kobold. Your grab misses the kobold.
The kobold completely misses you. The goblin hits you with a +0 club.
You closely miss the kobold. Your grab misses the kobold.
The kobold barely misses you. The goblin closely misses you.
You barely miss the ball python. Your grab misses the ball python.
The ball python bites you. The ball python grabs you.
The ball python constricts you.
The kobold hits you with a +0 short sword.
The goblin hits you but does no damage.
You hit the ball python but do no damage.
You grab the ball python. You constrict the ball python.
The ball python misses you. The ball python constricts you.
The goblin hits you with a +0 club.
* * * LOW HITPOINT WARNING * * *
The kobold hits you with a +0 short sword.
* * * LOW HITPOINT WARNING * * *
You escape the ball python's grasp.
You release your grip on the ball python.
The goblin barely misses you. The ball python closely misses you.
The ball python grabs you. The ball python constricts you.
* * * LOW HITPOINT WARNING * * *
The kobold attacks as it pursues you! The kobold hits you but does no damage.
You escape the ball python's grasp.
You hit the ball python but do no damage.
Your grab misses the ball python. The ball python misses you.
The ball python barely misses you. The ball python bites you.
You die...

..# #.# ... ... #.. #.#
#### #.. #.# #..# #.. #.#
#..#### #.. #@# #.....#
#.. #S# #.. #..)... # #..
#K# #..# #.###..
...#.)###g# #..# #.# #..
#...#....####..####.###..
#.............#....##..
#$..#.............###..
#..###.##.#.#.##..####.
...# ##.....†......# ##


You could see a goblin, a ball python and a kobold.

Vanquished Creatures
  A hobgoblin (D:1)
  2 kobolds (D:1)
3 creatures vanquished.

Notes
Turn   | Place    | Note
-------+----------+-------------------------------------------
     0 | D:1      | SmokeWeed the Octopode Enchanter began the quest for the
                  | Orb.
     0 | D:1      | Reached XP level 1. HP: 11/11 MP: 3/3
    84 | D:1      | Slain by a ball python

Illustrated notes

Levels and vault maps discovered:
D:1:      minmay_arrival_wavy_path, layout_loops_ring, st_stairs_7,
          chequers_serial_rivers_small_a

Action                     || total
---------------------------++-------
  Melee: Dagger            ||    14
         Constrict         ||     3
         Tentacles         ||     1
 Armour: Skin              ||    14
  Dodge: Dodged            ||    13
